Map: Mech Depot LE

Players

Poizon

  • Race: Protoss Protoss
  • Spawn Location: 7:00

Raze - Winner!

  • Race: Terran Terran
  • Spawn Location: 1:00

Event: WCS Montreal 2017

VOD

Have the link to the VOD?

Description

Time

  • Played on: Sept. 8, 2017, 12:41 p.m.
  • Length: 9:29

All games in this series

Show
View Real Time Build Order
Export as new Build Order

Poizon Protoss 

Build Orders:  

Get SALT Encoding   

  12  0:01  Probe (Chrono Boost)  
  13  0:11  Probe (Chrono Boost)  
  14  0:18  Pylon  
  14  0:22  Probe (Chrono Boost)  
  15  0:36  Probe (Chrono Boost)  
  15  0:38  Gateway  
  16  0:44  Assimilator  
  16  0:47  Probe (Chrono Boost)  
  17  0:57  Probe (Chrono Boost)  
  18  1:12  Probe (Chrono Boost)  
  19  1:19  Gateway  
  19  1:20  Assimilator  
  19  1:21  Pylon  
  19  1:28  Cybernetics Core  
  19  1:30  Probe (Chrono Boost)  
  20  1:39  Pylon  
  20  1:47  Probe (Chrono Boost)  
  21  2:00  Gateway  
  21  2:09  Robotics Facility  
  21  2:15  Adept (Chrono Boost)  
  21  2:20  Probe  
  24  2:29  Warp Gate (Chrono Boost)  
  24  2:32  Probe  
  27  2:41  Sentry (Chrono Boost)  
  28  2:44  Probe  
  29  2:59  Immortal (Chrono Boost)  
  32  3:12  Pylon  
  32  3:25  Stalker x2  
  37  3:34  Observer (Chrono Boost)  
  37  3:44  Stalker  
  39  3:51  Probe  
  40  3:59  Immortal (Chrono Boost)  
  44  4:05  Probe  
  45  4:33  Adept  
  47  4:39  Pylon  
  47  4:40  Pylon  
  47  4:58  Immortal (Chrono Boost)  
  52  5:00  Probe  
  52  5:06  Stalker  
  54  5:09  Adept  
  54  5:13  Sentry  
  58  5:15  Probe  
  59  5:28  Mothership Core  
  60  5:36  Nexus  
  60  5:40  Observer (Chrono Boost)  
  61  6:03  Stargate  
  61  6:05  Gateway x2  
  61  6:07  Observer (Chrono Boost)  
  62  6:13  Probe  
  63  6:30  Pylon  
  63  6:32  Pylon  
  63  6:40  Robotics Bay  
  63  6:48  Probe, Adept  
  63  6:49  Adept x2  
  63  7:06  Phoenix (Chrono Boost)  
  61  7:14  Probe  
  62  7:17  Pylon  
  62  7:20  Adept, Pylon  
  60  7:32  Stalker  
  62  7:40  Probe  
  63  7:50  Probe  
  62  7:52  Probe  
  64  8:01  Probe  
  64  8:04  Probe  
  66  8:11  Probe  
  66  8:12  Pylon  
  66  8:14  Phoenix (Chrono Boost)  
  66  8:18  Probe  
  70  8:22  Probe  
  69  8:36  Adept  
  69  8:37  Adept x2  
  77  8:41  Phoenix (Chrono Boost)  
  77  8:59  Adept x4  
  57  9:22  Adept x4  
Show
View Real Time Build Order
Export as new Build Order

Raze Terran - Winner!

Build Orders: Cyclone Opening, MMM Bio 

Get SALT Encoding   

  12  0:00  SCV  
  13  0:12  SCV  
  14  0:17  Supply Depot  
  14  0:24  SCV  
  15  0:39  SCV  
  15  0:42  Barracks  
  16  0:43  Refinery  
  16  0:51  SCV  
  17  1:03  SCV  
  18  1:15  SCV  
  19  1:29  Orbital Command  
  20  1:34  Marine  
  20  1:42  Command Center  
  20  1:52  Factory  
  20  1:55  SCV  
  21  2:02  Barracks Reactor  
  21  2:07  SCV  
  22  2:13  Supply Depot  
  22  2:19  SCV  
  23  2:26  Bunker  
  23  2:35  SCV  
  24  2:39  Marine x2  
  24  2:40  Cyclone  
  29  2:46  Refinery  
  29  2:48  SCV  
  30  2:53  Orbital Command  
  30  2:56  Marine  
  31  3:00  SCV  
  31  3:02  Marine  
  34  3:12  SCV  
  34  3:15  Cyclone  
  37  3:20  SCV  
  37  3:24  SCV  
  37  3:26  Engineering Bay  
  39  3:28  Marine  
  39  3:29  Marine  
  39  3:32  SCV  
  42  3:38  SCV  
  43  3:42  Supply Depot  
  43  3:44  SCV  
  43  3:46  Marine  
  43  3:47  Marine  
  46  3:48  Factory Tech Lab  
  46  3:56  Starport  
  46  4:00  Bunker  
  46  4:03  SCV x2  
  46  4:06  Supply Depot  
  48  4:11  Siege Tank  
  48  4:12  Marine  
  48  4:14  Marine  
  48  4:15  SCV  
  54  4:21  Supply Depot  
  54  4:27  SCV  
  54  4:28  SCV  
  54  4:29  Engineering Bay  
  56  4:31  Marine  
  56  4:32  Marine  
  58  4:38  Viking  
  58  4:39  SCV  
  58  4:40  SCV  
  58  4:43  Siege Tank  
  64  4:50  Marine x2  
  64  4:51  SCV  
  64  4:52  SCV  
  68  4:54  Liberator  
  68  4:55  Supply Depot  
  68  5:03  SCV  
  68  5:04  SCV  
  70  5:09  Marine x2  
  75  5:16  SCV, Missile Turret  
  75  5:20  SCV  
  77  5:27  Siege Tank  
  77  5:28  SCV  
  81  5:31  Refinery  
  81  5:32  Refinery  
  81  5:34  Barracks x2  
  81  5:35  Barracks  
  81  5:36  Barracks  
  81  5:37  Supply Depot  
  81  5:39  Marine x2  
  83  5:55  Starport Tech Lab, Terran Infantry Weapons Level 1  
  83  5:56  Marine  
  84  5:57  Marine  
  85  6:13  Supply Depot  
  85  6:14  Marine  
  85  6:15  Marine  
  87  6:22  Starport Reactor  
  87  6:23  SCV  
  87  6:24  SCV, Factory Reactor  
  89  6:27  Barracks Reactor, Barracks Tech Lab  
  89  6:31  Command Center  
  89  6:35  Marine  
  89  6:36  Combat Shields, Marine x2, Stimpack  
  89  6:37  Marine  
  89  6:39  Supply Depot, SCV x2  
  95  6:40  Supply Depot  
  95  6:54  SCV  
  95  6:57  Marine, Marauder x3  
  102  7:06  Widow Mine x2  
  102  7:07  Medivac x2  
  110  7:09  Marine  
  110  7:11  SCV  
  110  7:12  Supply Depot x2  
  112  7:18  Marauder  
  112  7:20  SCV  
  115  7:23  SCV, Concussive Shells  
  115  7:24  Marauder  
  115  7:25  Missile Turret  
  115  7:29  Supply Depot  
  118  7:33  Marine x2, SCV  
  118  7:34  Marauder  
  123  7:39  Widow Mine x2  
  127  7:48  Orbital Command, SCV x2  
  126  7:53  Marine, Marauder x2  
  131  7:58  Marine  
  131  7:59  Marauder  
  131  8:01  SCV x2  
  136  8:06  Missile Turret  
  136  8:10  Supply Depot x2, Marine x2  
  138  8:13  SCV x2  
  138  8:14  Medivac, Marauder  
  138  8:15  Medivac  
  138  8:16  SCV  
  138  8:19  Widow Mine x2  
  151  8:23  Marine, Marauder  
  151  8:25  SCV  
  154  8:31  SCV x2  
  149  8:37  Marine, Marauder x2  
  149  8:39  Armory  
  154  8:42  Engineering Bay  
  154  8:48  Marine, Marauder  
  157  8:52  SCV x3  
  157  8:53  Medivac x2  
  164  8:59  Marauder  
  166  9:03  Refinery  
  166  9:04  Refinery  
  166  9:07  Supply Depot  
  166  9:11  Command Center  
Tags
 
Add a new tag
Caveats
  • Supply blocks, unpowered buildings, or Contaminate may cause inaccurate times.
  • Supply counts are checked every 10 seconds.